 Dungeon Crawl Stone Soup version 0.31-a0-202-g547052bce9 (webtiles) character file.

Game seed: 18212830003090918185

54 promet the Magician (level 3, -3/19 HPs)
             Began as a Deep Elf Hedge Wizard on June 27, 2023.
             Was a Believer of Fedhas.
             Slain by Grinder (4 damage)
             ... on level 3 of the Dungeon.
             The game lasted 00:12:50 (3024 turns).

promet the Magician (Deep Elf Hedge Wizard)         Turns: 3024, Time: 00:12:51

Health: -3/19      AC:  3    Str:  9    XL:     3   Next: 66%
Magic:  9/12       EV: 12    Int: 20    God:    Fedhas [**....]
Gold:   97         SH:  0    Dex: 14    Spells: 7/13 levels left

rFire   . . .        a - +8 dagger "Ewidet" {heavy, rElec Str+2}
rCold   . . .        (no shield)
rNeg    . . .        b - +0 robe
rPois   .            k - +0 helmet
rElec   +            (no cloak)
rCorr   .            (no gloves)
SInv    .            (no boots)
Will    .....        (no amulet)
Stlth   ++           (no ring)
HPRegen 0.23/turn    (no ring)
MPRegen 0.13/turn

%: no passive effects
@: no status effects
A: no striking features
a: Renounce Religion, Wall of Briars


You were on level 3 of the Dungeon.
You worshipped Fedhas.
Fedhas was pleased with you.
You visited 1 branch of the dungeon, and saw 3 of its levels.

You collected 97 gold pieces.

Inventory:

Hand Weapons
 a - the +8 dagger "Ewidet" (weapon) {heavy, rElec Str+2}
   (You found it on level 2 of the Dungeon)

   Str:       It affects your strength (+2).
   rElec:     It insulates you from electricity.
 j - a +0 dagger
 p - a +2 short sword of draining
Missiles
 g - 23 stones
 n - 3 silver javelins (quivered)
Armour
 b - a +0 robe (worn)
 c - a +1 hat
 f - a +2 cloak
 i - a +0 leather armour
 k - a +0 helmet (worn)
 u - a scarf of resistance
Magical Staves
 q - a staff of death
 t - a staff of air
Scrolls
 r - a scroll of identify {unknown}
Potions
 d - 2 potions of magic
 e - a potion of lignification {unknown}
 h - a potion of degeneration {unknown}
 l - 2 potions of attraction {unknown}
 m - a potion of haste {unknown}
 o - 2 potions of brilliance {unknown}
 s - 2 potions of curing {unknown}


   Skills:
 * Level 0.1 Fighting
 + Level 2.5 Dodging
 + Level 2.7 Stealth
 + Level 5.9 Spellcasting
 + Level 1.8 Conjurations
 + Level 1.1 Summonings
 + Level 1.1 Translocations
 + Level 0.2 Fire Magic


You had 7 spell levels left.
You knew the following spells:

 Your Spells              Type           Power      Damage    Failure   Level
a - Magic Dart            Conj           52%        1d5       4%          1
b - Foxfire               Conj/Fire      40%        2x1d6     7%          1
c - Call Imp              Summ           20%        N/A       10%         2
d - Blink                 Tloc           20%        N/A       10%         2

Your spell library contained the following spells:

 Spells                   Type           Power      Damage    Failure   Level
 Beastly Appendage        Tmut           10%        N/A       11%         1
 Sandblast                Erth           10%        2d5       11%         1
 Slow                     Hex            20%        N/A       11%         1
 Cigotuvi's Dreadful Rot  Necr/Pois/Air  10%        N/A       16%         2
 Passwall                 Tmut/Erth      4%         N/A       16%         2
 Sublimation of Blood     Necr           5%         N/A       16%         2
 Wereblood                Tmut           5%         N/A       16%         2
 Stone Arrow              Conj/Erth      18%        3d8       22%         3
 Mephitic Cloud           Conj/Pois/Air  8%         N/A       24%         3
 Spider Form              Tmut/Pois      5%         N/A       32%         3
 Fireball                 Conj/Fire      5%         3d5       88%         5
 Plasma Beam              Fire/Air       3%         2x1d13    100%        6
 Starburst                Conj/Fire      5%         6d4       100%        6
 Summon Hydra             Summ           5%         N/A       100%        7


Dungeon Overview and Level Annotations

Branches:
Dungeon (3/15)

Altars:
Fedhas

Annotations:
D:3 Grinder


Message History

The silver javelin pierces through the kobold.
You kill the kobold!
Fedhas appreciates your contribution to the ecosystem.
Casting: Magic Dart (safe; 4% risk of failure)
Confirm with . or Enter, or press ? or * to list all spells.
You conjure some foxfire!
The foxfire hits Grinder but does no damage.
Grinder is lightly wounded.
Casting: Foxfire (safe; 7% risk of failure)
Confirm with . or Enter, or press ? or * to list all spells.
You conjure some foxfire!
Your foxfire dissipates!
The foxfire hits Grinder but does no damage.
Grinder is lightly wounded.
The foxfire hits Grinder but does no damage.
Grinder is lightly wounded.
Casting: Foxfire (safe; 7% risk of failure)
Confirm with . or Enter, or press ? or * to list all spells.
You conjure some foxfire!
Grinder hits you.
You writhe in agony.
The foxfire hits Grinder.
Grinder is lightly wounded.
The foxfire hits Grinder.
Grinder is lightly wounded.
Grinder misses you.
Casting: Foxfire (safe; 7% risk of failure)
Confirm with . or Enter, or press ? or * to list all spells.
You conjure some foxfire!
Grinder hits you.
You writhe in agony.
The foxfire hits Grinder.
Grinder is moderately wounded.
The foxfire hits Grinder.
Grinder is moderately wounded.
Grinder hits you.
* * * LOW HITPOINT WARNING * * *
You writhe in agony.
* * * LOW HITPOINT WARNING * * *
You barely miss Grinder.
Grinder is moderately wounded.
Grinder hits you.
You die...
Fedhas appreciates your contribution to the ecosystem.

#.#........##....#####
#.#........####..#
#.#........####..#
#..........#.....##.#
###........#.###.......
#.########.......#.##
#.# #..####.# #.# #..#
.# ##########5@# .#
#.)......# #(######.#
..# ..# .... ....
...... #..


You could see Grinder.

Vanquished Creatures
  An adder (D:2)
  6 ball pythons
  4 endoplasms
  5 goblins
  3 hobgoblins
  4 jackals
  A quokka (D:2)
  4 bats
  4 frilled lizards
  7 kobolds
  5 rats
44 creatures vanquished.

Vanquished Creatures (others)
  25 foxfires
25 creatures vanquished.

Grand Total: 69 creatures vanquished

Notes
Turn   | Place    | Note
-------+----------+-------------------------------------------
     0 | D:1      | promet the Deep Elf Hedge Wizard began the quest for the
                  | Orb.
     0 | D:1      | Reached XP level 1. HP: 10/10 MP: 7/7
   519 | D:1      | Reached skill level 5 in Spellcasting
   599 | D:1      | Reached XP level 2. HP: 14/15 MP: 10/10
   903 | D:1      | Learned a level 1 spell: Foxfire
   906 | D:1      | Learned a level 2 spell: Call Imp
  1054 | D:1      | Learned a level 2 spell: Blink
  1388 | D:1      | Found a faded altar of an unknown god.
  1398 | D:1      | Prayed at the altar of an unknown god.
  1398 | D:1      | Became a worshipper of Fedhas Madash
  1398 | D:1      | Reached * piety under Fedhas
  1665 | D:2      | Reached XP level 3. HP: 19/19 MP: 9/12
  2194 | D:2      | Identified the +8 dagger "Ewidet" {heavy, rElec Str+2}
  2737 | D:2      | Reached ** piety under Fedhas
  3010 | D:3      | Noticed Grinder
  3024 | D:3      | Slain by Grinder

Illustrated notes

Levels and vault maps discovered:
D:1:      dpeg_arrival_stonehenge_8_columns, layout_rooms,
          shapermc_ecumenical_altar_petra
D:2:      layout_loops_corners, serial_rivers, chequers_serial_rivers_micro_a,
          chequers_serial_rivers_micro_a, chequers_serial_rivers_large_b,
          chequers_serial_rivers_micro_d, chequers_serial_rivers_micro_e,
          minmay_misc_feat_hallway, kennysheep_generic_room_6
D:3:      layout_basic, serial_shops, nicolae_shop_stone, uniq_robin,
          uniq_grinder

Skill      XL: |  1 |
---------------+----+-----
Spellcasting   | 5 |  5.9
Fighting       | |  0.1
Dodging        | |  2.5
Stealth        | |  2.7
Conjurations   | |  1.8
Summonings     | |  1.1
Translocations | |  1.1
Fire Magic     | |  0.2

Action                     || total
---------------------------++-------
  Melee: Dagger            ||     7
         Short sword       ||    46
  Throw: Javelin           ||     3
   Cast: Magic Dart        ||    50
         Foxfire           ||    15
    Use: Scroll            ||     5
   Stab: Sleeping          ||     3
 Armour: Robe              ||    15
  Dodge: Dodged            ||    35

Table legend: (Time is in decaauts)
 A = Elapsed time spent in this place.
 B = Non-inter-level travel time spent in this place.
 C = Inter-level travel time spent in this place.
 D = Time resting spent in this place.
 E = Time spent auto-exploring this place.
 F = Levels seen in this place.
 G = Mean time per level.
                   A        B        C        D        E       F      G
               +--------+--------+--------+--------+--------+-----+--------+
         Total |   3057 |   3045 |     12 |    959 |    908 |   3 | 1019.0 |
       Dungeon |   3057 |   3045 |     12 |    959 |    908 |   3 | 1019.0 |
               +--------+--------+--------+--------+--------+-----+--------+

Top non-repeatable levels by time:
     D:1: 1497 daAuts
     D:2: 1475 daAuts
     D:3: 84 daAuts
